 Dungeon Crawl Stone Soup version 0.25-a0-670-g50981ef59b (webtiles) character file.

Game seed: 8766758583093923735, levelgen mode: deterministic

301 Kohma the Cutter (level 6, -2/60 HPs)
             Began as a Kobold Berserker on Mar 29, 2020.
             Was a Believer of Trog.
             Slain by a phantom (3 damage)
             ... on level 5 of the Dungeon.
             The game lasted 00:07:19 (3745 turns).

Kohma the Cutter (Kobold Berserker)                 Turns: 3745, Time: 00:07:19

Health: -2/60      AC:  2    Str: 15    XL:     6   Next: 64%
Magic:  6/6        EV: 15    Int:  8    God:    Trog [**....]
Gold:   171        SH:  0    Dex: 16    Spells: 5/5 levels left

rFire    . . .     SeeInvis .   w - +1 dagger (venom)
rCold    . . .     Gourm    .   (shield restricted)
rNeg     . . .     Faith    .   u - +0 animal skin
rPois    .         Spirit   .   (no helmet)
rElec    .         Reflect  .   (no cloak)
rCorr    .         Harm     .   (no gloves)
MR       .....                  (no boots)
Stlth    ..........             (no amulet)
HPRegen  0.20/turn              A - ring of stealth
MPRegen  0.10/turn              (no ring)

@: berserking (expiring), lightly drained, very quick
A: small, carnivore
a: Berserk, Trog's Hand, Renounce Religion


You were on level 5 of the Dungeon.
You worshipped Trog.
Trog was pleased with you.
You were full.

You visited 1 branch of the dungeon, and saw 5 of its levels.

You collected 171 gold pieces.

Inventory:

Hand Weapons
 a - a +0 dagger of draining
 b - a +4 trident of protection
 e - a +0 hunting sling
 p - a +2 short sword of draining
 w - a +1 dagger of venom (weapon)
Missiles
 g - 161 stones (quivered)
 o - 2 throwing nets
 v - 14 sling bullets
Armour
 u - a +0 animal skin (worn)
Jewellery
 A - a ring of stealth (left hand)
Wands
 x - a wand of iceblast (11)
Scrolls
 h - 3 scrolls of remove curse
 i - a scroll of enchant weapon
 j - a scroll of teleportation
 k - a scroll of magic mapping
 y - 2 scrolls of random uselessness
Potions
 d - a potion of flight
 l - 3 potions of curing
 m - a potion of might
 q - 3 potions of haste
 t - 3 potions of cancellation
 z - a potion of magic
Comestibles
 c - 13 rations


   Skills:
 - Level 5.1(4.6) Fighting
 + Level 7.5(6.9) Short Blades
 - Level 1.5(1.0) Armour
 - Level 3.1(2.6) Dodging


You had 5 spell levels left.
You didn't know any spells.
Your spell library was empty.

Dungeon Overview and Level Annotations

Branches:
Dungeon (5/15)             Temple (0/1) D:5

Altars:
Cheibriados
Okawaru

Annotations:
D:5 Dowan, Duvessa


Innate Abilities, Weirdness & Mutations

You are small and have problems with some larger weapons.
You are carnivorous and can eat meat at any time.


Message History

You closely miss the sky beast.
The sky beast is heavily wounded.
Okay, then.
You are too berserk!
You closely miss the sky beast.
The sky beast is heavily wounded.
The phantom misses you.
You barely miss the sky beast.
The sky beast is heavily wounded.
The sky beast barely misses you.
You hit the sky beast.
The sky beast is severely wounded.
The phantom misses you.
You closely miss the sky beast.
The sky beast is severely wounded.
The sky beast barely misses you.
You barely miss the sky beast.
The sky beast is almost dead.
The phantom hits you.
You die...

#######* #......* ****
#......######## ###### *,,,
..............######...)######,,,
..............'W@YZ...........,,,
..............#####W..).....#*,,,
..............# #.##......#****
...##.######### #.#<........,*
..,*#.************#.........##,*
.,,,..,,,,,,,,,,..............,**
,,,..,,,,,,,,,................,,,
,,Z..,,,,,,,,,................,,,
,,,,,,>,,,,,,,................,**


You could see 2 phantoms, a sky beast and an adder zombie.

Vanquished Creatures
  An ogre (D:3)
  A howler monkey (D:4)
  Ijyb (D:3)
  Terence (D:3)
  A howler monkey skeleton (D:4)
  3 adders
  An ooze (D:1)
  A worm (D:2)
  2 dart slugs
  4 leopard geckos
  6 orcs
  2 giant cockroaches
  10 goblins
  7 hobgoblins
  2 jackals (D:3)
  6 kobolds
  2 quokkas (D:3)
  7 bats
  3 frilled lizards
  2 rats
63 creatures vanquished.

Notes
Turn   | Place    | Note
-------+----------+-------------------------------------------
     0 | D:1      | Kohma the Kobold Berserker began the quest for the Orb.
     0 | D:1      | Reached XP level 1. HP: 14/14 MP: 1/1
   289 | D:1      | Reached XP level 2. HP: 19/19 MP: 2/2
   933 | D:2      | Reached XP level 3. HP: 24/24 MP: 3/3
  1087 | D:2      | Found an iron altar of Okawaru.
  1098 | D:2      | Reached ** piety under Trog
  1098 | D:2      | Reached XP level 4. HP: 29/29 MP: 4/4
  1149 | D:2      | Reached skill level 5 in Short Blades
  1593 | D:3      | Noticed an ogre
  1597 | D:3      | Killed an ogre
  1597 | D:3      | Reached XP level 5. HP: 34/34 MP: 5/5
  1702 | D:3      | Noticed Terence
  1718 | D:3      | Killed Terence
  1718 | D:3      | Reached skill level 5 in Fighting
  1718 | D:3      | Reached skill level 6 in Short Blades
  1873 | D:3      | Reached XP level 6. HP: 37/40 MP: 6/6
  2025 | D:3      | Noticed Ijyb
  2040 | D:3      | Killed Ijyb
  2046 | D:3      | Found a snail-covered altar of Cheibriados.
  2834 | D:4      | Reached skill level 7 in Short Blades
  3492 | D:5      | Entered Level 5 of the Dungeon
  3492 | D:5      | Found a staircase to the Ecumenical Temple.
  3492 | D:5      | Noticed Duvessa
  3492 | D:5      | Noticed Dowan
  3492 | D:5      | Noticed a phantom
  3624 | D:5      | Noticed a phantom
  3678 | D:5      | Noticed a phantom
  3724 | D:5      | Noticed a sky beast
  3739 | D:5      | HP: 1/60 [sky beast (6)]
  3745 | D:5      | Slain by a phantom

Levels and vault maps discovered:
D:1:      kennysheep_arrival_seaside, layout_loops_cross,
          chequers_serial_rivers_small_a, minmay_vboxes
D:2:      layout_basic, okawaru_metal_pillars_1_2
D:3:      minmay_chambers_of_twos, layout_loops_cross, kennysheep_slug_shrine,
          uniq_ijyb, uniq_terence
D:4:      layout_loops_ring, first_ration, chequers_serial_rivers_room_b,
          nrook_loot_triangle, roderic_serpentine_path
D:5:      layout_basic, lemuel_round_altar, temple_statues, serial_undead,
          serial_undead_b, serial_undead_e, serial_undead_a, serial_undead_c,
          hex_intersection, minmay_pentangle, uniq_duvessa

Skill      XL: |  1  2  3  4  5  6 |
---------------+-------------------+-----
Dodging        | 3 |  3.1
Fighting       | 4 5 |  5.1
Short Blades   | 5 6 7 |  7.5
Armour         | |  1.5

Action                   |  1- 3 |  4- 6 || total
-------------------------+-------+-------++-------
Melee: Dagger            |    45 |   176 ||   221
Invok: Berserk           |     2 |     3 ||     5
  Use: Scroll            |       |    14 ||    14
 Stab: Sleeping          |     1 |     2 ||     3
  Eat: Chunk             |     9 |    10 ||    19
Armor: Animal skin       |    12 |    16 ||    28
Dodge: Dodged            |    32 |   107 ||   139

Table legend:
 A = Non-vault XP
 B = Vault XP
 C = Vault XP percentage of total XP
 D = Non-vault monster count
 E = Vault monster count
 F = Vault count percentage of total count
                 A         B        C        D         E       F
            +---------+---------+-------+---------+---------+-------
      Total |     318 |     112 |  26.0 |      45 |      18 |  28.6
            +---------+---------+-------+---------+---------+-------
        D:1 |       6 |      20 |  76.9 |       4 |       7 |  63.6
        D:2 |      61 |       0 |   0.0 |      19 |       0 |   0.0
        D:3 |     148 |      92 |  38.3 |      12 |      11 |  47.8
        D:4 |      97 |       0 |   0.0 |       8 |       0 |   0.0
        D:5 |       6 |       0 |   0.0 |       2 |       0 |   0.0
            +---------+---------+-------+---------+---------+-------
